[Event "2e tournoi de GMI du Barreau de Paris"]
[Site "Paris, France"]
[Date "2021.06.19"]
[Round "1.5"]
[White "Kevlishvili, Robby"]
[Black "Vlachos, Anatole"]
[Result "1-0"]
[TimeControl "90+30"]
[WhiteElo "2499"]
[BlackElo "2439"]

1. e4 e5 2. Nf3 Nc6 3. Bb5 a6 4. Ba4 Nf6 5. O-O Be7 6. Re1 b5 7. Bb3 d6 8. c3 O-O 9. h3 Nb8 10.
d4 Nbd7 11. c4 c6 12. Nc3 b4 13. Ne2 c5 14. dxe5 Nxe5 15. Ng3 Be6 16. Nxe5 dxe5 17. Qe2 Nd7 18. Nf5 Bg5 19. Ne3 Nb6 20.
Rd1 Qb8 21. Nd5 Bxc1 22. Raxc1 a5 23. a4 bxa3 24. bxa3 Nxd5 25. cxd5 Qxb3 26. dxe6 fxe6 27. Rd3 Qb5 28. Qe3 c4 29.
Rdc3 Rac8 30. Qe2 Rc5 31. Rxc4 Rfc8 32. Rxc5 Rxc5 33. Qxb5 Rxb5 34. Rc7 Kf8 35. Ra7 Rb1+ 36. Kh2 Rb5 37.
f3 Rc5 38. Kg3 Kg8 39. Kg4 Rc2 40. Kg3 Rc5 41. a4 Kf8 42. h4 h5 43. Kh3 g6 44. g4 Kg8 45. Kg3 Kf8 46. gxh5 gxh5 47.
Rh7 Kg8 48. Rxh5 Kg7 49. Kg4 Kg6 50.
f4 Rc4 51. Rxe5 Kf6 52. h5 Rxa4 53.
h6 Ra1 54. Rh5 Rg1+ 55. Kf3 Rg8 56. Rxa5 Rh8 57. Rh5 Kg6 58. Rh1 Kh7 59. Ke3 Rd8 60. Rh2 Rd6 61. Rd2 Ra6 62. e5 Ra8 63. Rd6 Re8 64. f5 Kxh6 65. Kf4 Kg7 66. f6+ Kg6 67.
Rd7 Ra8 68. Rg7+ Kh6 69. Re7 Ra6 70.
Ke4 Kg6 71. Rg7+ Kh6 72. Kd4 Ra5 73. Rg8 Rd5+ 74. Kc4 Rd7 75. Kc5 Kh7 76. Rg7+ 1-0

[Event "2e tournoi de GMI du Barreau de Paris"]
[Site "Paris, France"]
[Date "2021.06.19"]
[Round "1.1"]
[White "Fedorchuk, Sergey A."]
[Black "Feller, Sebastien"]
[Result "1/2-1/2"]
[TimeControl "90+30"]
[WhiteElo "2616"]
[BlackElo "2568"]

1. e4 e5 2. Nf3 Nc6 3. Bb5 Nf6 4. O-O Nxe4 5. Re1 Nd6 6. Nxe5 Be7 7. Bf1 Nxe5 8. Rxe5 O-O 9. d4 Bf6 10.
Re1 Re8 11. Rxe8+ Nxe8 12. c3 d5 13. Bf4 Bg5 14. Bg3 Nf6 15. Nd2 Bg4 16. Be2 Bxe2 17. Qxe2 Bxd2 18. Qxd2 Ne4 19. Qe3 Nxg3 20.
hxg3 Qe8 21. Re1 1/2-1/2

[Event "2e tournoi de GMI du Barreau de Paris"]
[Site "Paris, France"]
[Date "2021.06.19"]
[Round "1.2"]
[White "Travadon, Loic"]
[Black "David, Alberto"]
[Result "0-1"]
[TimeControl "90+30"]
[WhiteElo "2415"]
[BlackElo "2527"]

1. e4 c5 2. Nf3 e6 3. d4 cxd4 4. Nxd4 Nc6 5. Nc3 Qc7 6. Be3 a6 7. Qd2 Nf6 8. O-O-O Bb4 9. f3 Ne5 10.
Nb3 b5 11. Kb1 Be7 12. Qf2 d6 13. g4 Nfd7 14. Rg1 g5 15. h4 h6 16. Rh1 Rg8 17. hxg5 hxg5 18. a3 Rb8 19. Rh6 Nb6 20.
Be2 Na4 21. Bd4 Bd7 22. Rdh1 Ng6 23. Nd2 Nxc3+ 24. Bxc3 a5 25. Bd4 e5 26. Ba7 Rb7 27. Be3 b4 28. axb4 Rxb4 29. Qf1 Qb8 30.
Nc4 Be6 31. Bc1 a4 32. Na3 d5 33. exd5 Bxd5 34. Bd3 Nh4 35. Bb5+ Kf8 36. R6xh4 gxh4 37. Qd3 Qd6 38. c4 Bb7 39.
Qe2 Rb3 40. Re1 Bxf3 41. Qc2 Rxg4 42. Bxa4 Rb8 43. Ka2 Rg2 44. Qc3 Qxa3+ 45. Qxa3 Bxa3 46. Kxa3 h3 47. Be3 Rbxb2 48. Bc5+ Kg8 49.
Bd7 h2 50. Bf5 Ra2+ 51. Kb3 Rgb2+ 52. Kc3 h1=Q 0-1

[Event "2e tournoi de GMI du Barreau de Paris"]
[Site "Paris, France"]
[Date "2021.06.19"]
[Round "1.4"]
[White "Msellek, Ilyass"]
[Black "Bellahcene, Bilel"]
[Result "0-1"]
[TimeControl "90+30"]
[WhiteElo "2334"]
[BlackElo "2499"]

1. e4 e5 2. Nf3 Nc6 3. Bb5 a6 4. Ba4 Bc5 5. O-O Nge7 6. c3 Ba7 7. d4 Ng6 8. Bg5 f6 9. Be3 O-O 10.
Nbd2 d6 11. Re1 Kh8 12. h3 exd4 13. cxd4 d5 14. Bxc6 bxc6 15. Rc1 dxe4 16. Nxe4 Be6 17. b3 Bb6 18. Bd2 Re8 19. Nc5 Bd5 20.
Rc3 Rxe1+ 21. Nxe1 Qe7 22. Re3 Qf7 23. Qh5 Kg8 24. Ned3 a5 25. Re1 Rd8 26. Qg4 Nf8 27. Qe2 Ra8 28.
Bc3 Ng6 29. Qg4 Rf8 30. Qd7 Qxd7 31. Nxd7 Rd8 32. N7c5 Kf7 33. f3 Ne7 34. Kf2 Nf5 35. Nb7 Ra8 36. Nbc5 g5 37. g3 h6 38.
Re2 Rh8 39. a4 h5 40. Re1 Ne7 41. b4 axb4 42. Bxb4 Ng6 43. Rb1 h4 44. g4 Bc4 45. Nb2 Bxc5 46. dxc5 Ba6 47. Rd1 Nf4 48. Rd7+ Kg6 49. Bc3 Nxh3+ 50. Kg2 Nf4+ 51. Kh2 Nd5 52. Bd4 Re8 53. Nd1 Re2+ 54. Bf2 Rd2 55. Ne3 Nxe3 0-1

[Event "2e tournoi de GMI du Barreau de Paris"]
[Site "Paris, France"]
[Date "2021.06.19"]
[Round "1.3"]
[White "Milliet, Sophie"]
[Black "Dardha, Daniel"]
[Result "0-1"]
[TimeControl "90+30"]
[WhiteElo "2407"]
[BlackElo "2503"]

1. e4 c5 2. Nf3 Nc6 3. d4 cxd4 4. Nxd4 e5 5. Nb5 d6 6. c4 g6 7. Bd3 Be6 8. O-O Nf6 9. N5c3 Bg7 10.
Nd5 Nd7 11. Nbc3 O-O 12. Be3 a6 13. Rc1 Rc8 14. b3 Kh8 15. Bb1 Qh4 16. Qd2 f5 17. exf5 gxf5 18. f4 e4 19. Ne2 Bxd5 20.
cxd5 Ne7 21. Nd4 Rxc1 22. Rxc1 Nxd5 23. Ne6 Nxe3 24. Nxf8 Nxf8 25. Qxe3 d5 26. Rd1 d4 27. Rxd4 Bxd4 28.
Qxd4+ Kg8 29. Qd5+ Kh8 30. Qd4+ Kg8 31. Qd5+ Kg7 32. Qxb7+ Kh6 33. Qb6+ Ng6 34. g3 Qg4 35. Bc2 Qf3 36.
Qc6 Qe3+ 37. Kf1 Qf3+ 38. Kg1 Qe2 39. Qc4 Qd2 40. g4 Nxf4 41. Qxa6+ Kg5 0-1

[ePGN "0.1;DGT LiveChess/2.2.5"]

[Event "2e tournoi de GMI du Barreau de Paris"]
[Site "Paris, France"]
[Date "2021.06.19"]
[Round "2.2"]
[White "Dardha, Daniel"]
[Black "Msellek, Ilyass"]
[Result "1/2-1/2"]
[TimeControl "90+30"]
[WhiteElo "2503"]
[BlackElo "2334"]

1. c4 e6 2. Nc3 d5 3. d4 Nf6 4. cxd5 exd5 5. Bg5 Be7 6. Qc2 O-O 7. e3 c6 8. Bd3
Nbd7 9. Nf3 Re8 10. O-O-O Nf8 11. Ne5 N6d7 12. Bf4 Nxe5 13. Bxe5 Bd6 14. Bg3 h6
15. Kb1 a5 16. Na4 Bxg3 17. hxg3 Qd6 18. Nb6 Rb8 19. Qd2 Qd8 20. Nxc8 Rxc8 21.
g4 Nh7 22. Bf5 Ra8 23. f4 Qe7 24. Rh3 g6 25. Bc2 Nf6 26. f5 Ne4 27. Qe2 Kg7 28.
Rf1 g5 29. Rfh1 Rh8 30. Qe1 Nd6 31. Bd1 1/2-1/2

[Event "2e tournoi de GMI du Barreau de Paris"]
[Site "Paris, France"]
[Date "2021.06.19"]
[Round "2.4"]
[White "David, Alberto"]
[Black "Kevlishvili, Robby"]
[Result "1/2-1/2"]
[TimeControl "90+30"]
[WhiteElo "2527"]
[BlackElo "2499"]

1. e4 c5 2. Nf3 d6 3. Bb5+ Nd7 4. c3 Ngf6 5. Bd3 g6 6. O-O a6 7. Bc2 b5 8. d4 Bb7 9.
Re1 cxd4 10. cxd4 Bg7 11. a3 O-O 12. Nc3 Rc8 13. Bd3 Nb6 14. h3 Qc7 15. Bf4 Nc4 16. Qe2 Nh5 17. Bc1 e5 18.
d5 Nf4 19. Bxf4 exf4 20. Bxc4 Qxc4 21. Qd2 Bxc3 22. bxc3 Rfe8 23. Qxf4 Bxd5 24. Qh6 Rxe4 25. Rxe4 Qxe4 26. Re1 Qc2 27.
Ng5 Qxc3 28. Qxh7+ Kf8 29. Qh6+ Kg8 30. Qh7+ Kf8 31. Qh6+ Kg8 1/2-1/2

[Event "2e tournoi de GMI du Barreau de Paris"]
[Site "Paris, France"]
[Date "2021.06.19"]
[Round "2.3"]
[White "Vlachos, Anatole"]
[Black "Milliet, Sophie"]
[Result "1-0"]
[TimeControl "90+30"]
[WhiteElo "2439"]
[BlackElo "2407"]

1. e4 c5 2. Nf3 e6 3. c4 Nc6 4.
d4 cxd4 5. Nxd4 Nf6 6.
Nc3 Bb4 7. Nxc6 bxc6 8.
Bd3 e5 9. O-O Bc5 10. Kh1 d6 11.
f4 Ng4 12. Qe1 h5 13. f5 Rb8 14. Qg3 Ba6 15. Be2 Bd4 16. Rb1 Qb6 17. Bd2 Bf2 18. Qh3 Ke7 19. b4 Bd4 20. c5 dxc5 21.
b5 Bb7 22. bxc6 Qxc6 23. Nd5+ Kd6 24. Ba5 Ba6 25. Bxg4 Bxf1 26. Rxf1 hxg4 27. Qxg4 Qb5 28. Bc7+ Kc6 29. Rd1 Rbg8 30.
h3 Qb2 31. Qf3 c4 32. Qf1 Kd7 33. Qxc4 Rxh3+ 34. gxh3 Rh8 35. Qa4+ Kc8 36. Qa6+ Kd7 37. Qd6+ Kc8 38. Ne7+ 1-0

[Event "2e tournoi de GMI du Barreau de Paris"]
[Site "Paris, France"]
[Date "2021.06.19"]
[Round "2.5"]
[White "Feller, Sebastien"]
[Black "Bellahcene, Bilel"]
[Result "1-0"]
[TimeControl "90+30"]
[WhiteElo "2568"]
[BlackElo "2499"]

1. Nf3 Nf6 2. c4 e6 3. g3 d5 4.
d4 dxc4 5. Bg2 a6 6. O-O Nc6 7.
Be3 Nd5 8. Qc1 Be7 9. Qxc4 O-O 10. Bd2 Bf6 11. Rd1 Nb6 12. Qc1 Qe7 13. Bc3 Rd8 14. e4 Qe8 15. b3 Bd7 16. Nbd2 Rac8 17.
Nf1 Na7 18. a4 Be7 19. Ne5 Qf8 20. Ne3 Be8 21. Nd3 Nd7 22. Qb2 b5 23. d5 b4 24. Be1 exd5 25. exd5 Bf6 26. Qe2 a5 27.
Rac1 Nb6 28. Nc5 Bd7 29. Qa6 Ra8 30. Nxd7 Nxd7 31. d6 c6 32. Qxa5 Bb2 33. Rc2 Be5 34. Qxb4 Rdb8 35. Qc4 Bxd6 36.
Qd3 Bc5 37. Qxd7 Bxe3 38. fxe3 1-0

[Event "2e tournoi de GMI du Barreau de Paris"]
[Site "Paris, France"]
[Date "2021.06.19"]
[Round "2.1"]
[White "Fedorchuk, Sergey A."]
[Black "Travadon, Loic"]
[Result "1-0"]
[TimeControl "90+30"]
[WhiteElo "2616"]
[BlackElo "2415"]

1. e4 g6 2. d4 Bg7 3. Nc3 d6 4. Be3 a6 5. h4 h5 6. Qd2 b5 7. O-O-O Nc6 8. Kb1 e5 9. dxe5 dxe5 10.
Nd5 Nf6 11. Qc3 Bb7 12. Nxf6+ Qxf6 13. Nf3 O-O 14. Be2 Qe6 15. a4 Rfb8 16. Ng5 Qe7 17. Bc5 b4 18. Qb3 Qe8 19. Bc4 Nd8 20.
Rxd8 Qxd8 21. Bxf7+ Kh8 22. Bxg6 Qf6 23. Bxh5 Bc6 24. Nf7+ Kh7 25. Bg4 Be8 26. Bf5+ Kg8 27. Nd6+ Kh8 28. Nxe8 Rxe8 29. Bxb4 Rab8 30.
Qf3 Qh6 31. Bc3 Kg8 32. Qd3 Red8 33. Qc4+ Kh8 34. h5 Rd6 35. Qxc7 Rdb6 36. Rd1 Qf6 37. h6 Qxh6 38. Rd8+ 1-0

[ePGN "0.1;DGT LiveChess/2.2.5"]

[Event "2e tournoi de GMI du Barreau de Paris"]
[Site "Paris, France"]
[Date "2021.06.20"]
[Round "3.5"]
[White "Msellek, Ilyass"]
[Black "Vlachos, Anatole"]
[Result "1/2-1/2"]
[TimeControl "90+30"]
[WhiteElo "2334"]
[BlackElo "2439"]

1. e4 e5 2. Nf3 Nc6 3. Bb5 a6 4. Ba4 Nf6 5. O-O Be7 6. Re1 b5 7. Bb3 O-O 8. a4 d5 9. exd5 Nd4 10.
Nxd4 exd4 11. axb5 d3 12. h3 Bc5 13. Nc3 Ng4 14. hxg4 Qh4 15. Re3 Bxg4 16. Qf1 f5 17. d6+ Kh8 1/2-1/2

[Event "2e tournoi de GMI du Barreau de Paris"]
[Site "Paris, France"]
[Date "2021.06.20"]
[Round "3.3"]
[White "Milliet, Sophie"]
[Black "David, Alberto"]
[Result "1/2-1/2"]
[TimeControl "90+30"]
[WhiteElo "2407"]
[BlackElo "2527"]

1. e4 c5 2. Nf3 e6 3. d4 cxd4 4. Nxd4 Nc6 5. Nc3 d6 6. Be3 Nf6 7. f4 e5 8. Nxc6 bxc6 9. Be2 Be7 10.
fxe5 dxe5 11. Qxd8+ Bxd8 12. O-O-O Bb6 13. Bxb6 axb6 14. Rd6 Bd7 15. Rhd1 Ke7 16. b3 Rhd8 17. Bf3 Ne8 18. R6d2 Be6 19.
Rxd8 1/2-1/2

[Event "2e tournoi de GMI du Barreau de Paris"]
[Site "Paris, France"]
[Date "2021.06.20"]
[Round "3.4"]
[White "Bellahcene, Bilel"]
[Black "Dardha, Daniel"]
[Result "0-1"]
[TimeControl "90+30"]
[WhiteElo "2499"]
[BlackElo "2503"]

1. e4 c5 2. Nf3 Nc6 3. d4 cxd4 4. Nxd4 e5 5. Nb5 d6 6. N1c3 a6 7. Na3 Be6 8. Nc4 Rb8 9. Be3 b5 10.
Nd2 Nf6 11. a4 b4 12. Nd5 Nxd5 13. exd5 Bxd5 14. Bxa6 Be7 15. Nb3 Be6 16. Bb5 Qc7 17. Qf3 d5 18. Nc5 Bxc5 19. Bxc5 f6 20.
Bxb4 Kf7 21. Bc5 Qa5+ 22. b4 Nxb4 23. O-O Rbc8 24. Bxb4 Qxb4 25. Rfc1 Rc3 26. Qh5+ g6 27. Qh6 Qf8 28.
Qd2 Qc5 29. a5 Kg7 30. a6 Ra8 31. Bf1 d4 32. Rcb1 Bd5 33. Rb5 Qd6 34. h4 Bc6 35. Rba5 Ra7 36. Rb1 Ba8 37. Rab5 Qxa6 38.
Rxe5 Qd6 39. Re2 Rac7 40. Rd1 R3c4 41. h5 gxh5 42. Qd3 Bd5 43. Red2 Bf7 44. Qf3 Rxc2 45. Rxd4 Qe5 46. Re4 Qg5 47.
Ree1 h4 48. Rd4 h5 49. Kh2 Rc1 50. Rxc1 Rxc1 51. Rd1 Rc2 52. Bd3 Bd5 53. Qh3 Rxf2 54. Bf1 Bf7 55. Re1 Qg4 56. Qe3 Rf5 57.
Be2 Qg5 58. Bd3 Rd5 59. Re2 Qg3+ 0-1

[Event "2e tournoi de GMI du Barreau de Paris"]
[Site "Paris, France"]
[Date "2021.06.20"]
[Round "3.2"]
[White "Travadon, Loic"]
[Black "Feller, Sebastien"]
[Result "1/2-1/2"]
[TimeControl "90+30"]
[WhiteElo "2415"]
[BlackElo "2568"]

1. d4 d5 2. c4 c6 3. cxd5 cxd5 4. Bf4 Nc6 5. e3 Nf6 6. Nc3 Bf5 7. Bd3 Bxd3 8. Qxd3 e6 9. Nf3 Bd6 10.
Bxd6 Qxd6 11. O-O O-O 12. Rfc1 Rfc8 13. h3 Nd7 1/2-1/2

[Event "2e tournoi de GMI du Barreau de Paris"]
[Site "Paris, France"]
[Date "2021.06.20"]
[Round "3.1"]
[White "Kevlishvili, Robby"]
[Black "Fedorchuk, Sergey A."]
[Result "1/2-1/2"]
[TimeControl "90+30"]
[WhiteElo "2499"]
[BlackElo "2616"]

1. e4 c5 2. Nf3 e6 3. c3 d5 4. exd5 Qxd5 5. d4 Nf6 6. Na3 Nbd7 7. Nb5 Qc6 8. dxc5 Bxc5 9. b4 Be7 10.
Nfd4 Qb6 11. Be2 a6 12. Na3 Qc7 13. Bb2 Nb6 14. O-O O-O 15. Qb3 Nfd5 16. Rfc1 Bd7 17. b5 Nf4 18. Bf1 e5 19.
Nf3 Bc5 20. c4 f6 21. Nb1 Rfd8 22. a4 Bf5 23. a5 Nd7 24. g3 Nh3+ 25. Bxh3 Bxh3 26. Nc3 Nf8 27. Nd5 Qf7 28. Ba3 Rac8 29.
Bxc5 Rxc5 30. Qe3 Ne6 31. bxa6 bxa6 32. Qe4 Qh5 33. Rd1 Bg4 34. Ra3 Nd4 35. Nxd4 Bxd1 36. Ne6 Rdxd5 37. Nxc5 Rd8 38.
Rd3 Rxd3 39. Qxd3 Bf3 40. Nxa6 h6 41. Nb4 Kh8 42. Nd5 e4 43. Qc3 e3 44. Qxe3 Bxd5 45. cxd5 Qd1+ 1/2-1/2

[ePGN "0.1;DGT LiveChess/2.2.5"]

[Event "2e tournoi de GMI du Barreau de Paris"]
[Site "Paris, France"]
[Date "2021.06.20"]
[Round "4.1"]
[White "Fedorchuk, Sergey A."]
[Black "Milliet, Sophie"]
[Result "1/2-1/2"]
[TimeControl "90+30"]
[WhiteElo "2616"]
[BlackElo "2407"]

1. e4 e5 2. Bc4 Nf6 3. d3 c6 4. Nf3 Be7 5. Bb3 d6 6. O-O O-O 7. Re1 Nbd7 8. c3 Nc5 9. Bc2 Bg4 10.
h3 Bh5 11. Nbd2 Nfd7 12. Nf1 Ne6 13. Ng3 Bxf3 14. Qxf3 g6 15. Nf1 Bg5 16. Ne3 Kh8 17. g3 f5 18. exf5 gxf5 19. Nxf5 Bxc1 20.
Raxc1 Ng5 21. Qg4 Qf6 22. h4 Qxf5 23. Qxf5 Rxf5 24. hxg5 Raf8 25. Re2 Rxg5 26. d4 d5 27. dxe5 Nxe5 28.
Kg2 Ng6 29. Bxg6 Rxg6 30. Re7 Rg7 31. Rce1 Rgf7 32. f4 Kg7 33. Kf3 Rd8 34. g4 d4 35. cxd4 Rxd4 36. f5 Rd5 37. Kf4 Rd2 38.
R1e2 Rd1 39. R2e6 Rf1+ 40. Kg5 h6+ 41. Kh4 Rh1+ 42. Kg3 Rg1+ 43. Kf4 Rf1+ 44. Ke5 Re1+ 45. Kd6 Rd1+ 46. Kc7 Rd2 47.
Rxf7 Kxf7 48. Rxh6 Rxb2 49. Kd6 Rg2 50.
Ke5 Rxg4 51. Rd6 Ke7 52. f6+ Ke8 53. Re6+ Kf8 54. Re7 Rg2 55. Rxb7 Rxa2 56. Rc7 Re2+ 57. Kd6 Rd2+ 58. Ke6 Re2+ 59.
Kd6 Rd2+ 60. Ke6 Re2+ 1/2-1/2

[Event "2e tournoi de GMI du Barreau de Paris"]
[Site "Paris, France"]
[Date "2021.06.20"]
[Round "4.4"]
[White "Vlachos, Anatole"]
[Black "Bellahcene, Bilel"]
[Result "1/2-1/2"]
[TimeControl "90+30"]
[WhiteElo "2439"]
[BlackElo "2499"]

1. e4 c5 2. Nf3 Nc6 3. d4 cxd4 4. Nxd4 Nf6 5. Nc3 e6 6. Nxc6 bxc6 7. e5 Nd5 8. Ne4 Qc7 9. f4 Rb8 10.
a3 Qb6 11. Bd3 Be7 12. Qe2 f5 13. exf6 Nxf6 14. Ng5 O-O 15. Be3 c5 16. O-O Bb7 17. c4 h6 18. Nf3 Bxf3 19. Qxf3 Qxb2 20.
Qg3 Qb6 21. Rab1 Qc7 22. Qg6 Rxb1 23. Rxb1 Rb8 24. g4 Rxb1+ 25. Bxb1 Kf8 26. g5 hxg5 27. fxg5 Qe5 28. Bf2 Ng4 29.
Qh5 Qxg5 30. Qxg5 Bxg5 31. Bxc5+ Be7 32. Bxa7 Bxa3 33. Bd4 Bc1 34. h3 Nh6 35. Bg6 Ba3 36. h4 Nf5 37. Bxf5 exf5 38.
h5 Bc1 39. Kg2 Kg8 40. Kf3 Bg5 41. Be5 Kf7 42. Bd4 Bf6 43. Be3 Be5 44. Bg5 Ke6 45. Bd2 Bd4 46. Kf4 Kf6 47. Bc1 Be5+ 48.
Kf3 g5 49. hxg6 Kxg6 50. Be3 Kf6 51. Bf2 Ke6 52. Bc5 Bd6 53. Bd4 Bf8 54. Bc3 Bh6 55. Bd4 Kd6 56. Kg3 Kc6 57. Kf3 Kb7 58.
Bc3 Kb6 59. Bb4 Bc1 60. Kg3 Be3 61. Kh4 Bc5 62. Bd2 Be7+ 63. Kh5 Bd6 64. Be3+ Ka5 65. Kg5 f4 66. Bf2 Bb8 67. Kf5 Kb4 68.
c5 Kc3 69. Ke4 Kd2 70. Kf3 Kd3 71. Bh4 Kd4 72. Be7 Bc7 73. Bf8 Kd5 74. Be7 Ke6 75. Bh4 Kd5 76. Be7 Bb8 77. Bf8 Be5 78.
Be7 Ke6 79. Bf8 Kf5 80. Bh6 Bc7 81. Bf8 Ba5 82. Bd6 Bd2 83. Bc7 Be3 84. Bd6 Bc1 85. Bc7 Be3 86. Bd6 Ke6 87. Ke4 Bxc5 1/2-1/2

[Event "2e tournoi de GMI du Barreau de Paris"]
[Site "Paris, France"]
[Date "2021.06.20"]
[Round "4.3"]
[White "David, Alberto"]
[Black "Msellek, Ilyass"]
[Result "1-0"]
[TimeControl "90+30"]
[WhiteElo "2527"]
[BlackElo "2334"]

1. d4 d5 2. c4 e6 3. Nc3 Nf6 4. cxd5 exd5 5. Bg5 Be7 6. e3 c6 7. Bd3 O-O 8. Bf4 Bg4 9. f3 Bh5 10.
g4 Bg6 11. Nge2 b5 12. h4 Ne8 13. h5 Bxd3 14. Qxd3 Bd6 15. Kf2 Nd7 16. Rag1 Rc8 17. g5 f5 18. gxf6 Qxf6 19. Rh3 Kh8 20.
Rg6 Qe7 21. h6 hxg6 22. Qxg6 Kg8 23. hxg7 Qxg7 24. Qe6+ Qf7 25. Qh6 Qf5 26. Rh5 Bxf4 27. Qh8+ Kf7 28. Rxf5+ Nef6 29. Qh7+ Ke8 30.
Qg6+ 1-0

[Event "2e tournoi de GMI du Barreau de Paris"]
[Site "Paris, France"]
[Date "2021.06.20"]
[Round "4.2"]
[White "Feller, Sebastien"]
[Black "Dardha, Daniel"]
[Result "1/2-1/2"]
[TimeControl "90+30"]
[WhiteElo "2568"]
[BlackElo "2503"]

1. d4 d5 2. Nf3 e6 3. Bf4 Bd6 4. Bg3 Nf6 5. e3 O-O 6. Nbd2 b6 7. Bd3 c5 8.
c3 Ba6 9. Bxa6 Nxa6 10. Bh4 Be7 11. Ne5 Nb8 12. dxc5 bxc5 13. c4 Qc7 14. Nef3 Nbd7 15. O-O a5 16. cxd5 exd5 17. Qc2 Qb7 18. Rfe1 Rab8 19. Rab1 Rfe8 20. Bg3 Rbd8 21. e4 Nxe4 22. Nxe4 dxe4 23. Qxe4 Qxe4 24. Rxe4 Bf6 25. Rxe8+ Rxe8 26. Kf1 c4 27.
Nd2 c3 28. bxc3 Bxc3 29. Nc4 h6 30. f3 a4 31. Rb7 Nc5 32. Rc7 Na6 33. Ra7 Nc5 34. Bf2 Nd3 35. Rxa4 Nxf2 36. Kxf2 Re1 37. Nd6 Rh1 38. Ra8+ Kh7 39. h3 Bd4+ 40. Ke2 Rh2 41. Kd3 Ba1 42. g4 Rxh3 43. Ke4 Kg6 44. a4 h5 45. gxh5+ Rxh5 46. f4 f5+ 47. Kd5 Rh4 48. a5 Rxf4 49. a6 Bd4 50. a7 Be3 51. Ke6 Ra4 52. Nxf5 Ra6+ 53. Kd5 Rxa7 54. Rxa7 Bxa7 55. Nxg7 1/2-1/2

[Event "2e tournoi de GMI du Barreau de Paris"]
[Site "Paris, France"]
[Date "2021.06.20"]
[Round "4.5"]
[White "Travadon, Loic"]
[Black "Kevlishvili, Robby"]
[Result "0-1"]
[TimeControl "90+30"]
[WhiteElo "2415"]
[BlackElo "2499"]

1. e4 c5 2. Nc3 d6 3. Nf3 Nf6 4. d4 cxd4 5. Nxd4 a6 6. Rg1 e5 7. Nb3 Be6 8. g4 d5 9. exd5 Nxd5 10.
Nxd5 Qxd5 11. Qxd5 Bxd5 12. Be3 Nc6 13. O-O-O O-O-O 14. Bb6 Rd7 15. g5 Be6 16. Rxd7 Bxd7 17. Bc4 Be8 18.
c3 Be7 19. Nc5 h6 20. g6 fxg6 21. Rd1 g5 22. b4 h5 23. a4 g4 24. b5 axb5 25. axb5 Nd8 26. Rxd8+ Bxd8 27. Be6+ Kb8 28.
Bxd8 Bxb5 29. Bh4 Kc7 30. Bf7 Be8 31. Ne6+ Kd6 32. Bxe8 Kxe6 33. Bg6 Kd5 34. Kd2 Rh6 35. Bf7+ Ke4 36.
c4 Rd6+ 37. Bd5+ Kf5 38. Be7 Rd7 39. Bc5 b5 40. Ke3 bxc4 41. Bxc4 Rd1 42. Bd3+ Kf6 43. Be4 Re1+ 44. Kd3 Rb1 45.
Be3 Rb4 46. Bc6 Rb1 47. Bd2 Rb3+ 48. Bc3 Kf5 49. Kc2 Ra3 50. Kb2 Ra6 51. Bd5 h4 52. Kc2 e4 53. Bc4 Rc6 54. Bb5 Rc5 55.
Bd7+ Kf4 56. Be6 Kf3 57. Kd2 g3 58. hxg3 hxg3 0-1

[ePGN "0.1;DGT LiveChess/2.2.5"]

[Event "2e tournoi de GMI du Barreau de Paris"]
[Site "Paris, France"]
[Date "2021.06.21"]
[Round "5.4"]
[White "Dardha, Daniel"]
[Black "Vlachos, Anatole"]
[Result "1-0"]
[TimeControl "90+30"]
[WhiteElo "2503"]
[BlackElo "2439"]

1. d4 d5 2. c4 e6 3. Nc3 Nf6 4. Nf3 Be7 5. Bf4 O-O 6. e3 c5 7. dxc5 Bxc5 8. Qc2 Nc6 9. a3 Qa5 10.
O-O-O Be7 11. Kb1 a6 12. Qa4 Qxa4 13. Nxa4 Ne4 14. Bg3 Bd8 15. Bd3 h6 16. Bxe4 dxe4 17. Ne5 Nxe5 18. Bxe5 f6 19.
Bd6 Rf7 20. Nc5 f5 21. Be5 Bc7 22. Bxc7 Rxc7 23. b4 b6 24. Na4 Rb8 25. Rd6 b5 26. Nc5 Kf7 27. Rhd1 a5 28. Rd8 Rb6 29.
R1d6 Rxd6 30. Rxd6 bxc4 31. Kb2 axb4 32. axb4 Ke7 33. Rb6 Ra7 34. Kc3 Ra2 35. Rc6 Kd8 36. b5 Rxf2 37. b6 Rf1 38.
b7 Bxb7 39. Nxb7+ Kd7 40. Ra6 Rc1+ 41. Kd4 c3 42. Nc5+ Ke7 43. Nxe6 c2 44. Kc3 Re1 45. Kxc2 Rxe3 46. Nxg7 Re2+ 47. Kc3 f4 48. Nf5+ Kf8 49.
Rf6+ Ke8 50. Rxh6 f3 51. gxf3 exf3 52. Kd3 Re1 53. Ng3 Ke7 54. Rh4 1-0

[Event "2e tournoi de GMI du Barreau de Paris"]
[Site "Paris, France"]
[Date "2021.06.21"]
[Round "5.3"]
[White "Bellahcene, Bilel"]
[Black "David, Alberto"]
[Result "1-0"]
[TimeControl "90+30"]
[WhiteElo "2499"]
[BlackElo "2527"]

1. e4 c5 2. Nf3 d6 3. d4 cxd4 4. Nxd4 Nf6 5. Nc3 a6 6. Bg5 e6 7. Qf3 Nbd7 8. O-O-O Qc7 9. Qg3 Be7 10.
Bd3 h6 11. Be3 Ne5 12. f4 Nxd3+ 13. cxd3 b5 14. Kb1 b4 15. Nce2 Qb7 16. Ka1 g6 17. h3 Bd7 18. Qf2 h5 19.
Nf3 b3 20. a3 Rc8 21. Bd4 Rc2 22. Ne1 Rc7 23. Nc3 h4 24. Nf3 Rh5 25. Rhe1 Ra5 26. Kb1 d5 27. Qxh4 Nh5 28. Qf2 dxe4 29.
Ne5 exd3 30. Rxd3 Nf6 31. f5 gxf5 32. g4 Bb5 33. Rd2 Bc6 34. Rde2 Be4+ 35. Nxe4 Nxe4 36. Rxe4 Bxa3 37. gxf5 Bb4 38.
Qg2 Qb5 39. Qg8+ Bf8 40. Bc3 Ra4 41. fxe6 1-0

[Event "2e tournoi de GMI du Barreau de Paris"]
[Site "Paris, France"]
[Date "2021.06.21"]
[Round "5.5"]
[White "Kevlishvili, Robby"]
[Black "Feller, Sebastien"]
[Result "0-1"]
[TimeControl "90+30"]
[WhiteElo "2499"]
[BlackElo "2568"]

1. e4 e5 2. Nf3 Nc6 3. Bb5 a6 4. Ba4 Nf6 5. O-O Bc5 6. c3 O-O 7. d4 Ba7 8. Bg5 h6 9. Bh4 exd4 10.
cxd4 g5 11. Nxg5 hxg5 12. Bxg5 Bxd4 13. Nc3 b5 14. Bc2 Qe8 15. Nd5 Nh7 16. Bh6 Qe5 17. Bxf8 Kxf8 18. Kh1 Nf6 19. f4 Qd6 20.
Nxf6 Bxf6 21. Qh5 Bxb2 22. e5 Qe6 23. Rab1 Bc3 24. Qh8+ Ke7 25. f5 Qxe5 26. f6+ Ke6 27. Qe8+ Kd6 28. Qf8+ Ke6 29. Bf5+ Kd5 30.
Rbd1+ Nd4 31. Qxf7+ Kc6 32. Qg6 d6 33. Be4+ d5 34. f7+ Be6 35. Bxd5+ Qxd5 36. f8=Q Rxf8 37. Rxf8 Kb6 38. Qg3 Qc6 39.
Rc1 b4 40. Rb8+ Ka5 41. a3 Nb5 42. axb4+ Kxb4 43. Rb1+ Bb3 44. Qg8 Qc4 45. Qf8+ c5 46. Qd8 Bd4 47. Qg5 Qc2 48. Rc1 Qb2 49.
Rf8 Qe2 50. Rf4 c4 51. Rff1 c3 52. Rce1 Qc4 53. Qe7+ Qc5 54. Qb7 a5 55. Qd7 c2 56. Rc1 Be3 57. Rce1 c1=Q 58. Rxc1 Bxc1 59.
Rf5 Qc4 60. Qe7+ Ka4 61. Qe1 Bb2 62. Rf1 Bc3 63. Qc1 Bd4 64. Qe1 Qc3 65. Qe7 Bc4 66. Rb1 Qc2 67. Qe1 Bd5 0-1

[Event "2e tournoi de GMI du Barreau de Paris"]
[Site "Paris, France"]
[Date "2021.06.21"]
[Round "5.2"]
[White "Milliet, Sophie"]
[Black "Travadon, Loic"]
[Result "1-0"]
[TimeControl "90+30"]
[WhiteElo "2407"]
[BlackElo "2415"]

1. e4 c5 2. Nf3 Nc6 3. d4 cxd4 4. Nxd4 g6 5. c4 Bg7 6. Be3 Nf6 7. Nc3 d6 8. Be2 O-O 9. O-O Bd7 10.
h3 a6 11. Nc2 Rc8 12. Rc1 Ne5 13. Na3 b5 14. cxb5 axb5 15. Naxb5 Nc4 16. Bxc4 Rxc4 17. b3 Rb4 18. Nd4 Qa5 19.
Qd2 Ra8 20. Rfd1 Rb7 21. f3 h5 22. a4 Qd8 23. Ndb5 Kh7 24. Qd3 Ne8 25. Qd5 Rab8 26. Qxf7 Nf6 27. Nd4 Qa5 28. Nd5 Nxd5 29.
exd5 Rf8 30. Qxe7 Re8 31. Qg5 Re5 32. Qf4 g5 33. Qf7 Rxe3 34. Nf5 Bxf5 35. Qxf5+ Kh6 36. f4 Qd8 37. Rc6 Rg3 38.
Re1 Re7 39. Re6+ Rxe6 40. Qxe6+ Kh7 41. Rxd6 Qf8 42. Qg6+ Kg8 43. f5 Re3 44. f6 Re1+ 45. Kf2 Re7 46. Rc6 Rf7 47. Qxg5 h4 48.
Kg1 Rxf6 49. Rxf6 Qxf6 50. Qxf6 Bxf6 51. Kf2 Kf7 52. Ke3 Be5 53. Kd3 Ke7 54. b4 Kd6 55. Kc4 Bg3 56. Kd4 Kc7 57.
a5 Kd6 58. b5 Bf2+ 59. Ke4 Kc5 60. b6 Bg3 61. b7 Kb5 62.
Kf5 Ka6 63. Ke6 Kxb7 64. d6 Kc6 65. a6 Bf2 66. d7 Kd5+ 1-0

[Event "2e tournoi de GMI du Barreau de Paris"]
[Site "Paris, France"]
[Date "2021.06.21"]
[Round "5.1"]
[White "Msellek, Ilyass"]
[Black "Fedorchuk, Sergey A."]
[Result "1-0"]
[TimeControl "90+30"]
[WhiteElo "2334"]
[BlackElo "2616"]

1. Nf3 Nf6 2. c4 e6 3. g3 a6 4. Bg2 b5 5. b3 c5 6. O-O Bb7 7. Nc3 Qb6 8. e3 Be7 9. d4 O-O 10.
d5 exd5 11. cxd5 d6 12. e4 Nbd7 13. Bb2 Rfe8 14. Nd2 Ne5 15. Qe2 Rac8 16. a4 c4 17. axb5 axb5 18. bxc4 Nxc4 19. Nxc4 Rxc4 20.
Rfb1 Bf8 21. Qf1 Qc5 22. Ra5 Qc8 23. Qd3 b4 24. Na4 Nd7 25. Ra7 Rc7 26. Qb5 Qb8 27. Bd4 Nc5 28. Rxb4 Qxa7 29.
Qxe8 Qa5 30. Bxc5 dxc5 31. Rb1 Qd2 32. Qd8 Rc8 33. Qb6 Ba8 34. Bh3 Re8 35. Bg2 c4 36. Qb5 Rc8 37. Bh3 Rc7 38. Qe8 Bb7 39. Qd8 Re7 40.
Nc5 c3 41. d6 c2 42. Rf1 Rxe4 43. d7 c1=Q 44. Nxe4 Bxe4 45. Rxc1 Qxc1+ 46. Bf1 Qd1 47. Qc8 Bd3 48. Qxf8+ 1-0

[ePGN "0.1;DGT LiveChess/2.2.5"]